 Dungeon Crawl Stone Soup version 0.31-a0-1499-ge0622b2318 (webtiles) character file.

Game seed: 8689550207547986227

227 Curundu the Poker (level 5, -3/44 (47) HPs)
             Began as a Minotaur Berserker on Dec 29, 2023.
             Was a Believer of Trog.
             Slain by a wight
             ... wielding a +5 falchion
              (9 damage)
             ... on level 4 of the Dungeon.
             The game lasted 00:06:47 (2658 turns).

Curundu the Poker (Minotaur Berserker)              Turns: 2658, Time: 00:06:48

HP:   -3/44 (47)    AC:  3    Str: 23    XL:     5   Next: 70%
MP:   4/4           EV: 12    Int:  4    God:    Trog [**....]
Gold: 106           SH:  0    Dex: 10    Spells: 4/4 levels left

rFire   + . .        a - +0 spear
rCold   + . .        (no shield)
rNeg    . . .        b - +0 animal skin
rPois   .            (helmet restricted)
rElec   .            j - scarf {rC+ rF+}
rCorr   .            (no gloves)
SInv    .            i - +0 pair of boots
Will    .....        (no amulet)
Stlth   +            (no ring)
HPRegen 0.27/turn    (no ring)
MPRegen 0.09/turn

%: no passive effects
@: lethally poisoned (-3 -> -5), drained
A: horns 2, retaliatory headbutt
a: Renounce Religion, Berserk, Trog's Hand


You were on level 4 of the Dungeon.
You worshipped Trog.
Trog was pleased with you.
You visited 1 branch of the dungeon, and saw 4 of its levels.

You collected 106 gold pieces.

Inventory:

Hand Weapons
 a - a +0 spear (weapon)
Armour
 b - a +0 animal skin (worn)
 i - a +0 pair of boots (worn)
 j - a scarf of resistance (worn)
Scrolls
 c - a scroll of torment {unknown}
 d - a scroll of identify {unknown}
 e - a scroll of enchant weapon {unknown}
 h - a scroll of revelation {unknown}
Potions
 f - a potion of lignification {unknown}
 g - 3 potions of degeneration {unknown}
 k - a potion of invisibility {unknown}


   Skills:
 + Level 4.7 Fighting
 + Level 6.0 Polearms
 + Level 3.0 Armour
 + Level 3.4 Dodging
 + Level 0.6 Stealth


You had 4 spell levels left.
You didn't know any spells.
Your spell library was empty.

Dungeon Overview and Level Annotations

Branches:
Dungeon (4/15)
 Temple: D:4-7

Altars:
Makhleb
Wu Jian
Xom


Innate Abilities, Weirdness & Mutations

You have a pair of horns on your head.
You reflexively headbutt those who attack you in melee.


Message History

There is an ornate altar of the Wu Jian Council here.
You open the door.
Done exploring.
There is an open door here.
There is an open door here.
Unknown command.
Why would you want to do that?
There is a stone staircase leading down here.
You climb downwards.
Found a stone staircase leading down.
There is a stone staircase leading up here.
The wight attacks as it pursues you! The wight barely misses you.
An adder comes into view.
The adder hisses angrily.
The wight attacks as it pursues you! The wight hits you but does no damage.
The wight closely misses you.
The wight hits you from afar with a +0 spear!
You feel drained.
You hit the wight.
The wight is lightly damaged.
The adder bites you.
You are poisoned.
The adder poisons you! The wight barely misses you.
You barely miss the wight.
You feel sick. The adder barely misses you. The wight closely misses you.
The wight barely misses you. The adder bites you.
You hit the wight. Your headbutt misses the wight.
The wight is moderately damaged.
You feel sick. The wight hits you with a +3 scimitar!
You feel drained. The adder bites you. The wight misses you.
You hit the wight but do no damage. Your headbutt misses the wight.
The wight is moderately damaged.
You feel sick. The wight closely misses you. You furiously retaliate!
You headbutt the wight! The wight hits you with a +3 scimitar!
* * * LOW HITPOINT WARNING * * *
The adder closely misses you.
You hit the wight but do no damage. Your headbutt misses the wight.
The wight is moderately damaged.
You feel sick. The wight closely misses you.
The wight hits you with a +5 falchion!
You die...

#.<......... ..
#...........
...##..........
#............##
#.#.......##.#
#..........# ..
......###.z# .
...... ##z#
...#.. #z@#
..###. #.S...#
.. #...##....
..... ..
.......
......###
.###...# ..
##...


You could see 3 wights and an adder.

Vanquished Creatures
  A crimson imp (D:3)
  2 bombardier beetles
  3 adders (D:2)
  5 ribbon worms
  A dart slug (D:1)
  4 orcs (D:3)
  5 ball pythons
  3 bats
  8 endoplasms
  2 giant cockroaches
  5 hobgoblins
  A quokka (D:1)
  5 frilled lizards
  2 goblins (D:2)
  A kobold (D:1)
  3 rats
51 creatures vanquished.

Notes
Turn   | Place    | Note
-------+----------+-------------------------------------------
     0 | D:1      | Curundu the Minotaur Berserker began the quest for the Orb.
     0 | D:1      | Reached XP level 1. HP: 19/19 MP: 0/0
   258 | D:1      | Reached XP level 2. HP: 27/27 MP: 1/1
   346 | D:1      | Reached skill level 4 in Polearms
   825 | D:2      | Noticed a bombardier beetle
   830 | D:2      | Killed a bombardier beetle
   831 | D:2      | Reached XP level 3. HP: 33/33 MP: 2/2
   850 | D:2      | Found a faded altar of an unknown god.
   912 | D:2      | Reached XP level 4. HP: 38/41 MP: 3/3
  1050 | D:2      | Reached ** piety under Trog
  1051 | D:2      | Reached skill level 5 in Polearms
  1697 | D:3      | Reached XP level 5. HP: 47/47 MP: 4/4
  1723 | D:3      | Found an ornate altar of the Wu Jian Council.
  2450 | D:3      | Found a burning altar of Makhleb.
  2450 | D:3      | Found a shimmering altar of Xom.
  2474 | D:3      | Reached skill level 6 in Polearms
  2658 | D:4      | Slain by a wight

Illustrated notes

Levels and vault maps discovered:
D:1:      kennysheep_arrival_forest, layout_loops_ring, chequers_arboretum
D:2:      layout_basic, ebering_ecumenical_altar_mist
D:3:      layout_basic, grunt_temple_overflow_champion_of_chaos,
          mainiacjoe_overflow_paths, nicolae_wormholes
D:4:      layout_cave_pools, gammafunk_temple_overflow_elements,
          minmay_temple_entry_statues_pillars

Skill      XL: |  1  2  3  4  5 |
---------------+----------------+-----
Polearms       | 4 5 6 |  6.0
Fighting       | 4 |  4.7
Dodging        | 3 |  3.4
Armour         | 3 |  3.0
Stealth        | |  0.6

Action                     |  1- 3 |  4- 6 || total
---------------------------+-------+-------++-------
  Melee: Spear             |    42 |    85 ||   127
         Headbutt          |     8 |    10 ||    18
 Armour: Animal skin       |    17 |    36 ||    53
  Dodge: Dodged            |    28 |    52 ||    80

Table legend: (Time is in decaauts)
 A = Elapsed time spent in this place.
 B = Non-inter-level travel time spent in this place.
 C = Inter-level travel time spent in this place.
 D = Time resting spent in this place.
 E = Time spent auto-exploring this place.
 F = Levels seen in this place.
 G = Mean time per level.
                   A        B        C        D        E       F      G
               +--------+--------+--------+--------+--------+-----+--------+
         Total |   2639 |   2639 |      0 |      0 |   2133 |   4 |  659.8 |
       Dungeon |   2639 |   2639 |      0 |      0 |   2133 |   4 |  659.8 |
               +--------+--------+--------+--------+--------+-----+--------+

Top non-repeatable levels by time:
     D:3: 984 daAuts
     D:2: 889 daAuts
     D:1: 751 daAuts
     D:4: 14 daAuts
